Map: [ESL] Cosmic Sapphire

Players

Vindicta

  • Race: Terran Terran
  • Spawn Location: 5:00

DisK - Winner!

  • Race: Protoss Protoss
  • Spawn Location: 11:00

Event: DreamHack SC2 Masters 2022 Atlanta (Online)

VOD

Have the link to the VOD?

Description

Time

  • Played on: Oct. 13, 2022, 6:04 p.m.
  • Length: 16:47

All games in this series

Show
View Real Time Build Order
Export as new Build Order

Vindicta Terran 

Build Orders: Reaper Expand 

Get SALT Encoding   

  12  0:00  SCV  
  13  0:12  SCV  
  14  0:17  Supply Depot  
  14  0:24  SCV  
  15  0:38  SCV  
  15  0:40  Barracks  
  16  0:43  Refinery  
  16  0:50  SCV  
  17  1:02  SCV  
  18  1:15  SCV  
  19  1:27  Reaper, Orbital Command  
  20  1:51  Command Center  
  20  1:55  Bunker  
  20  1:56  SCV  
  20  1:59  Reaper  
  22  2:06  Supply Depot  
  22  2:08  SCV  
  23  2:21  Factory  
  23  2:28  SCV  
  24  2:35  Refinery  
  24  2:40  SCV  
  24  2:41  Barracks Reactor  
  25  2:52  SCV  
  26  3:04  SCV  
  26  3:05  Hellion  
  28  3:06  Orbital Command  
  28  3:10  Bunker  
  28  3:14  Starport  
  28  3:16  SCV  
  28  3:17  Marine x2  
  31  3:27  Factory Tech Lab  
  31  3:28  SCV  
  31  3:32  SCV  
  33  3:34  Marine  
  33  3:35  Marine  
  33  3:41  SCV, Barracks  
  36  3:44  SCV  
  36  3:51  Starport Tech Lab  
  36  3:52  Marine  
  36  3:53  Siege Tank, Marine  
  40  3:57  SCV x2  
  42  4:03  Barracks  
  42  4:09  Supply Depot, SCV  
  44  4:10  SCV  
  44  4:11  Marine  
  45  4:18  Raven  
  45  4:21  SCV  
  46  4:26  Engineering Bay  
  46  4:31  SCV, Marine  
  49  4:33  SCV  
  49  4:38  Supply Depot  
  49  4:40  Siege Tank  
  49  4:41  Marine x2  
  54  4:49  Refinery  
  54  4:53  Supply Depot  
  54  4:59  Marine x3  
  54  5:00  SCV x2  
  54  5:05  Supply Depot  
  59  5:08  Refinery  
  59  5:11  Stimpack  
  59  5:12  SCV x2  
  61  5:17  Marine  
  61  5:18  Terran Infantry Weapons Level 1  
  61  5:19  Marine  
  63  5:24  SCV x2  
  63  5:28  Supply Depot  
  65  5:29  Marauder x2  
  65  5:35  Marine  
  69  5:36  SCV x2, Combat Shield  
  69  5:37  Marine  
  69  5:42  Supply Depot  
  73  5:45  Starport Reactor  
  73  5:47  Factory Reactor  
  73  5:48  SCV x2  
  75  5:50  Marauder, Marine  
  75  5:54  Marine  
  79  6:00  Supply Depot  
  79  6:04  Supply Depot, SCV x2  
  79  6:08  Marauder  
  83  6:12  Marauder  
  85  6:22  Medivac x2  
  85  6:23  Supply Depot  
  89  6:29  Command Center  
  89  6:30  Marauder  
  89  6:32  Widow Mine x2  
  94  6:33  Marauder  
  94  6:35  Marine  
  94  6:38  Supply Depot  
  99  6:40  Marine  
  97  6:51  Marauder  
  97  6:53  Widow Mine, Marine  
  102  6:54  Medivac  
  102  6:55  Concussive Shells  
  102  6:56  Medivac  
  102  6:59  Barracks  
  102  7:00  Barracks  
  106  7:02  SCV  
  106  7:03  Marauder  
  109  7:10  Marine  
  109  7:11  Marine  
  109  7:12  Marauder  
  109  7:15  Terran Infantry Armor Level 1  
  113  7:24  Medivac, Marine  
  113  7:26  Medivac  
  113  7:28  Marine  
  118  7:30  Supply Depot  
  118  7:31  SCV  
  118  7:34  Marauder, Marine  
  120  7:41  Missile Turret, Widow Mine  
  120  7:42  Marauder  
  120  7:43  SCV  
  125  7:44  SCV  
  125  7:46  Marine  
  125  7:50  Barracks Reactor, Barracks Tech Lab  
  127  7:55  SCV  
  127  7:56  SCV  
  129  8:00  Marauder  
  129  8:04  SCV  
  129  8:06  Marine x2  
  129  8:07  Marauder  
  122  8:18  SCV, Viking  
  105  8:21  Marine  
  105  8:24  Marine x2  
  108  8:27  SCV, Marine  
  108  8:30  Viking  
  108  8:32  Marine  
  112  8:36  Orbital Command  
  112  8:38  SCV  
  112  8:39  SCV  
  111  8:41  Marine  
  111  8:42  Marauder  
  111  8:44  Marauder, Marine  
  117  8:49  Marauder  
  117  8:50  SCV, Marine  
  117  8:51  SCV  
  117  8:53  Widow Mine  
  124  8:56  Marine  
  124  9:01  Viking  
  124  9:02  Viking, SCV  
  130  9:03  Refinery  
  130  9:07  Marine  
  130  9:09  Ghost Academy  
  131  9:12  Marine  
  131  9:13  Marine  
  131  9:15  Sensor Tower, Marine  
  134  9:18  Marine  
  134  9:19  Marauder  
  137  9:26  Missile Turret  
  137  9:28  Marine  
  137  9:30  Supply Depot  
  140  9:31  Viking  
  140  9:37  Marauder  
  144  9:39  Supply Depot x2  
  144  9:40  Refinery, Marauder  
  144  9:41  Viking  
  144  9:42  Enhanced Shockwaves  
  148  9:51  SCV  
  148  9:53  Supply Depot  
  148  9:55  Ghost  
  148  9:59  Ghost  
  149  10:01  Medivac  
  149  10:02  Supply Depot  
  149  10:04  Ghost  
  154  10:11  Medivac  
  154  10:13  Marine x3  
  159  10:15  Supply Depot  
  159  10:18  Marine  
  160  10:24  Ghost  
  162  10:29  Marauder  
  162  10:31  Viking  
  162  10:33  Marauder  
  168  10:37  Marine  
  168  10:39  Supply Depot  
  168  10:40  Marine  
  168  10:41  Liberator, Marine  
  168  10:42  Marine  
  174  10:50  Marauder  
  174  10:53  Marauder  
  174  10:54  Marauder  
  174  10:55  Marine  
  181  10:57  Missile Turret  
  181  10:58  Marine  
  181  11:01  Viking, Marine  
  181  11:02  Marine  
  181  11:03  Supply Depot  
  185  11:08  Armory  
  185  11:09  Engineering Bay  
  184  11:12  Command Center  
  184  11:13  Marauder  
  184  11:16  Marauder  
  188  11:22  Marauder  
  188  11:24  Viking  
  191  11:25  Marine  
  191  11:31  Marine  
  191  11:32  Marine  
  194  11:35  Marauder, Marine  
  194  11:38  Marauder  
  199  11:43  Marine  
  199  11:59  Marauder  
  191  12:04  Ghost  
  191  12:07  Ghost  
  195  12:11  Marine  
  195  12:12  Marine  
  195  12:14  Marine  
  163  12:15  Medivac  
  163  12:16  Marine  
  163  12:21  Marauder  
  140  12:23  Terran Infantry Armor Level 2, Terran Infantry Weapons Level 2  
  140  12:26  SCV x3  
  140  12:29  Marine x2  
  144  12:35  Marine x2  
  144  12:36  Marauder  
  151  12:38  SCV  
  151  12:39  Widow Mine  
  151  12:41  Refinery, Marine  
  151  12:42  Refinery  
  151  12:45  Barracks x2  
  151  12:46  Barracks  
  151  12:47  Marine  
  151  12:50  SCV  
  150  12:55  Liberator  
  150  12:56  SCV  
  154  12:58  Planetary Fortress  
  154  13:00  Missile Turret  
  154  13:02  Liberator  
  155  13:08  Marine  
  155  13:09  Marauder  
  155  13:11  Marine x2  
  155  13:12  Marine  
  159  13:16  Marine  
  159  13:17  Marauder  
  163  13:26  SCV x2, Marine  
  160  13:27  SCV  
  160  13:29  Marine x2  
  160  13:35  Barracks Tech Lab  
  160  13:36  Barracks Tech Lab x2  
  160  13:37  SCV  
  160  13:38  Liberator, SCV, Marine  
  160  13:40  SCV  
  167  13:45  SCV  
  167  13:47  Marine  
  171  13:49  SCV  
  171  13:52  Terran Ship Weapons Level 1, Marine  
  171  13:54  Widow Mine  
  175  13:57  Marauder  
  175  13:59  Marauder, Marine x2  
  180  14:03  SCV x2  
  180  14:08  Liberator  
  183  14:12  Marine  
  183  14:19  Missile Turret  
  183  14:20  Missile Turret x2  
  183  14:22  Medivac  
  179  14:24  Marine  
  179  14:25  Marauder  
  179  14:30  Marine x2  
  179  14:31  Marine  
  188  14:37  Sensor Tower  
  187  14:39  Sensor Tower  
  187  14:41  SCV  
  187  14:42  SCV  
  191  14:51  Viking  
  192  15:05  Command Center  
  192  15:07  Ghost  
  189  15:10  Ghost  
  193  15:17  Ghost  
  193  15:18  Ghost  
  199  15:30  Marine  
  200  15:36  Sensor Tower  
  200  15:40  Ghost  
  200  15:41  SCV  
  195  15:44  Liberator  
  195  15:46  Liberator  
  182  15:50  Marine  
  182  15:51  Marine  
  182  15:53  Starport  
  182  15:55  Fusion Core, SCV  
  179  16:01  Marauder, Marine  
  179  16:02  Marine x2  
  179  16:03  Marauder x3  
  187  16:08  Marine x3  
  190  16:19  Marine  
  190  16:20  Marine x2  
Show
View Real Time Build Order
Export as new Build Order

DisK Protoss - Winner!

Build Orders: 1 Gate Expand, Blink Stalkers, Colossus Rush 

Get SALT Encoding   

  12  0:00  Probe  
  13  0:12  Probe  
  14  0:17  Pylon  
  14  0:24  Probe  
  15  0:35  Gateway  
  15  0:37  Probe (Chrono Boost)  
  16  0:46  Probe (Chrono Boost)  
  16  0:47  Assimilator  
  17  0:51  Probe  
  18  1:03  Probe  
  19  1:15  Probe  
  20  1:22  Cybernetics Core  
  20  1:32  Nexus  
  20  1:36  Probe  
  21  1:42  Pylon  
  21  1:49  Probe  
  21  1:53  Assimilator  
  22  1:57  Adept (Chrono Boost)  
  22  2:01  Probe  
  25  2:02  Warp Gate  
  25  2:13  Probe  
  26  2:18  Stalker (Chrono Boost)  
  28  2:25  Probe  
  29  2:38  Probe (Chrono Boost)  
  29  2:40  Twilight Council  
  30  2:44  Shield Battery  
  30  2:46  Probe (Chrono Boost)  
  32  2:55  Probe x2 (Chrono Boost)  
  33  3:02  Probe  
  34  3:11  Blink (Chrono Boost)  
  34  3:12  Probe  
  35  3:17  Stalker  
  35  3:19  Probe  
  38  3:24  Probe  
  39  3:28  Gateway  
  39  3:31  Probe  
  40  3:36  Probe  
  41  3:44  Probe  
  40  3:51  Probe  
  41  3:56  Probe  
  41  4:00  Robotics Facility  
  41  4:01  Stalker  
  44  4:03  Probe  
  44  4:07  Assimilator  
  44  4:08  Probe  
  46  4:10  Assimilator  
  46  4:12  Pylon  
  46  4:30  Probe x2  
  48  4:34  Stalker x2  
  52  4:42  Probe x2  
  52  4:44  Pylon  
  54  4:50  Nexus  
  52  4:54  Robotics Bay, Probe x2  
  54  5:01  Pylon  
  54  5:03  Observer  
  54  5:05  Shield Battery  
  54  5:07  Probe  
  56  5:10  Stalker  
  56  5:13  Stalker  
  60  5:14  Probe  
  61  5:22  Gateway  
  61  5:25  Gateway  
  61  5:27  Observer (Chrono Boost)  
  62  5:29  Probe x2  
  62  5:33  Charge (Chrono Boost)  
  64  5:36  Pylon  
  64  5:45  Colossus (Chrono Boost)  
  70  5:54  Probe  
  70  5:56  Observer  
  71  6:05  Extended Thermal Lance, Gateway  
  71  6:07  Gateway  
  71  6:09  Observer  
  71  6:10  Probe  
  73  6:11  Probe  
  73  6:13  Shield Battery, Probe  
  74  6:22  Sentry x2  
  74  6:23  Probe x2  
  80  6:29  Colossus (Chrono Boost)  
  80  6:32  Probe  
  85  6:35  Probe  
  85  6:39  Pylon  
  86  6:43  Pylon  
  86  6:44  Probe x2  
  86  6:45  Pylon  
  88  6:47  Zealot x2  
  88  6:53  Forge  
  92  6:56  Pylon  
  92  6:59  Zealot x3  
  98  7:02  Probe x2  
  98  7:03  Probe  
  101  7:12  Zealot x3  
  101  7:13  Observer, Colossus (Chrono Boost)  
  107  7:21  Shield Battery  
  113  7:24  Shield Battery  
  113  7:36  Stalker x3  
  113  7:37  Zealot x2  
  119  7:39  Probe x3  
  119  7:42  Protoss Ground Weapons Level 1 (Chrono Boost)  
  124  8:00  Zealot  
  116  8:08  Zealot x5  
  108  8:22  Zealot  
  108  8:27  Gateway  
  103  8:28  Gateway  
  103  8:29  Gateway, Assimilator  
  103  8:30  Assimilator  
  103  8:31  Gateway  
  103  8:34  Stalker x4  
  103  8:38  Pylon  
  103  8:40  Probe x3  
  114  8:41  Nexus  
  114  8:43  Pylon  
  114  8:57  Shield Battery  
  114  8:59  Warp Prism  
  114  9:00  Templar Archives  
  116  9:05  Pylon  
  116  9:09  Pylon  
  116  9:10  Zealot x4  
  116  9:14  Probe x2  
  126  9:23  Forge  
  125  9:26  Stalker  
  125  9:27  Stalker x2  
  131  9:39  High Templar x2  
  131  9:40  High Templar x4  
  131  9:44  Archon x2  
  143  9:45  Archon  
  143  9:47  Shield Battery  
  143  9:54  Probe  
  143  9:55  Probe  
  143  9:58  Photon Cannon, High Templar  
  143  9:59  High Templar x2  
  151  10:00  High Templar  
  151  10:01  Disruptor  
  151  10:02  Protoss Ground Armor Level 1 (Chrono Boost)  
  151  10:04  Archon x2  
  156  10:09  Pylon  
  156  10:11  Protoss Ground Weapons Level 2 (Chrono Boost)  
  156  10:14  Zealot x4  
  162  10:15  Zealot x2  
  162  10:18  Probe  
  169  10:23  Pylon  
  169  10:25  Probe x2  
  169  10:26  Probe  
  172  10:31  Photon Cannon  
  172  10:47  Disruptor (Chrono Boost)  
  172  10:53  Robotics Facility  
  172  10:54  Pylon  
  172  10:55  Nexus  
  172  10:56  Dark Shrine  
  175  10:58  Pylon  
  175  11:10  Photon Cannon x2  
  175  11:11  Zealot x8  
  185  11:22  Photon Cannon  
  185  11:24  Photon Cannon  
  185  11:25  Shield Battery, Zealot x2  
  177  11:27  Pylon  
  179  11:35  High Templar  
  181  11:41  Disruptor x2  
  185  11:50  Zealot x7  
  199  12:07  Zealot x2  
  189  12:13  Zealot x8  
  143  12:30  Gateway  
  143  12:31  Stalker x2  
  143  12:34  Gateway  
  143  12:36  Zealot x8, Pylon  
  161  12:37  Disruptor x2 (Chrono Boost), Protoss Ground Weapons Level 3 (Chrono Boost)  
  161  12:39  Observer  
  147  12:53  Probe x4  
  147  12:57  Dark Templar x4  
  159  13:05  Colossus (Chrono Boost)  
  159  13:11  Colossus (Chrono Boost)  
  171  13:19  Stalker x3  
  175  13:24  Stalker x2  
  175  13:26  Shadow Stride (Chrono Boost)  
  179  13:33  Archon  
  179  13:37  Zealot x4  
  179  13:38  Zealot  
  181  13:49  Nexus  
  181  13:50  Protoss Ground Armor Level 2 (Chrono Boost), Dark Templar  
  181  13:53  Stalker x3  
  187  14:14  Zealot x6  
  195  14:31  Disruptor  
  195  14:35  Pylon  
  195  14:37  Pylon  
  198  14:54  Pylon  
  198  15:03  Stargate  
  198  15:05  Stargate  
  198  15:07  Stargate  
  198  15:08  Pylon  
  198  15:09  Gravitic Boosters  
  198  15:22  Pylon  
  198  15:27  Pylon  
  196  15:36  Pylon  
  158  15:54  Dark Templar x9, Assimilator  
  158  15:55  Dark Templar  
  178  15:57  Assimilator  
  178  16:09  Assimilator  
  178  16:10  Assimilator  
  178  16:11  Pylon  
  178  16:13  Zealot x2  
  176  16:29  Zealot x10  
Tags
 
Add a new tag
Caveats
  • Supply blocks, unpowered buildings, or Contaminate may cause inaccurate times.
  • Supply counts are checked every 10 seconds.